Kings vs Bruins

Created - 27 février 2016 at 22:21

Goals
1 2 3 T
Kings 2 4 2 8
Bruins 0 1 2 3
Shots
1 2 3 T
Kings 8 19 8 35
Bruins 13 10 10 33

1st period

1. Kings , Miroslav Satan 6 (Johnny Oduya, Boyd Devereaux) at 2:39
2. Kings , Andrei Kostitsyn 34 (Drew Doughty, Anze Kopitar) at 17:56 (PP)

Penalties :
Andrei Kostitsyn (LAK) for Interference (Minor) at 11:32, Jarome Iginla (Bos) for Hooking (Minor) at 17:47

2nd period

3. Kings , Martin Samuelsson 9 (Drew Doughty, Dustin Byfuglien) at 1:10
4. Kings , Guillaume Latendresse 21 (Anze Kopitar, Martin Samuelsson) at 5:11
5. Kings , Matt Duchene 22 (Andrei Kostitsyn, Boyd Devereaux) at 11:52
6. Kings , Dion Phaneuf 8 (Matt Duchene) at 16:19
7. Bruins , Eric Lindros 14 (Dainius Zubrus, Ryan O'Byrne) at 16:59

Penalties :
No Penalty

3rd period

8. Bruins , Tim Jackman 1 (Matt Hendricks) at 2:38
9. Bruins , Wojtek Wolski 42 (Jason Demers, Viktor Stalberg) at 2:59
10. Kings , Boyd Devereaux 9 (Vladimir Tarasenko, Drew Doughty) at 15:49
11. Kings , Matt Duchene 23 (Dion Phaneuf) at 19:00 (PP)

Penalties :
Johnny Oduya (LAK) for Hooking (Minor) at 0:13, Henrik Sedin (Bos) for Fighting (Major) at 2:47, Miroslav Satan (LAK) for Fighting (Major) at 2:47, Johnny Oduya (LAK) for Hooking (Minor) at 4:05, Jason Demers (Bos) for Cross-checking (Minor) at 8:03, Nate Prosser (Bos) for High sticking (Minor) at 18:30, Anze Kopitar (LAK) for Hooking (Minor) at 19:20

Goalie Stats

Viktor Fasth (LAK), 30 saves from 33 shots - (0,909), W, 27-18-1, 60:00 minutes
Karri Ramo (Bos), 19 saves from 23 shots - (0,826), 34:49 minutes
Roberto Luongo (Bos), 8 saves from 12 shots - (0,667), L, 23-12-6, 25:11 minutes

Players Stats for Kings

Player Name              G  A  P  +/- PIM S  H  SB GA TA FO     MP     PP MP  PK MP  
------------------------------------------------------------------------------------
Andrei Kostitsyn         1  1  2  -2  2   3  4  0  0  0  1/2    17:34   1:30   0:30 
Anze Kopitar             0  2  2   2  2   5  2  0  0  1  6/18   17:16   1:30   0:40 
Blake Wheeler            0  0  0   2  0   2  1  0  1  0  1/3    17:01   0:47   1:15 
Boyd Devereaux           1  2  3   2  0   4  1  1  0  0  6/14   15:59   0:00   3:33 
Dion Phaneuf             1  1  2   1  0   3  5  2  0  2  0/0    25:41   1:51   2:38 
Drew Doughty             0  3  3   1  0   2  2  1  0  0  0/0    21:26   1:33   2:12 
Dustin Byfuglien         0  1  1   1  0   2  0  0  0  0  0/0    10:03   0:00   1:37 
Guillaume Latendresse    1  0  1   2  0   1  2  0  0  0  1/1    16:37   1:08   0:30 
Johnny Oduya             0  1  1   2  4   2  0  1  0  0  0/0    21:50   0:47   1:46 
Jordan Nolan             0  0  0   1  0   0  0  1  0  0  4/7    10:14   1:27   0:00 
Lubomir Visnovsky        0  0  0   1  0   0  0  0  0  1  0/0    18:06   0:18   4:11 
Martin Samuelsson        1  1  2   1  0   3  0  0  0  0  0/0    11:59   0:00   3:30 
Matt Duchene             2  1  3  -2  0   3  1  0  0  0  4/17   16:18   1:08   0:00 
Miroslav Satan           1  0  1   2  5   4  0  0  0  0  1/1    11:36   0:00   0:00 
Scottie Upshall          0  0  0   2  0   0  2  1  0  0  0/1    14:04   0:03   1:37 
Tomas Kaberle            0  0  0   0  0   0  1  1  0  2  0/0    21:31   0:00   2:25 
Trevor Daley             0  0  0   1  0   1  0  1  0  2  0/0    10:09   0:00   0:00 
Vladimir Tarasenko       0  1  1  -2  0   0  0  0  0  0  2/3    15:55   1:08   0:00 

Players Stats for Bruins

Player Name              G  A  P  +/- PIM S  H  SB GA TA FO     MP     PP MP  PK MP  
------------------------------------------------------------------------------------
Andrew Alberts           0  0  0   0  0   0  2  1  2  1  0/0    29:03   4:10   1:59 
Curtis Glencross         0  0  0  -1  0   2  0  0  0  0  0/0     8:02   0:00   0:35 
Dainius Zubrus           0  1  1   1  0   3  0  0  1  0  0/0    17:44   2:53   0:00 
Dave Bolland             0  0  0  -4  0   1  2  0  1  0  3/4    11:35   0:47   0:08 
David Moss               0  0  0  -4  0   1  0  0  0  0  0/0    10:34   0:00   0:00 
Eric Lindros             1  0  1   1  0   3  1  1  0  0  9/14   17:52   2:41   0:20 
Henrik Sedin             0  0  0   0  5   6  0  2  0  0  24/40  21:06   2:32   1:43 
Jarome Iginla            0  0  0   1  2   4  1  3  1  0  1/1    21:56   3:43   0:20 
Jason Demers             0  1  1   0  2   2  3  1  0  0  0/0    27:42   4:10   0:39 
Mark Stuart              0  0  0   0  0   0  1  0  0  0  0/0    19:16   2:26   1:05 
Matt Cooke               0  0  0   1  0   1  1  0  0  0  0/1    17:32   2:41   0:00 
Matt Hendricks           0  1  1  -1  0   2  0  1  0  0  1/1     7:54   0:00   0:27 
Nate Prosser             0  0  0  -3  2   0  1  1  0  0  0/0    13:00   0:00   0:54 
Ryan O'Byrne             0  1  1   0  0   0  1  1  1  0  0/0    18:50   2:26   0:39 
Tim Jackman              1  0  1  -1  0   3  2  0  0  0  0/0     7:27   0:00   0:00 
Viktor Stalberg          0  1  1  -3  0   1  0  0  1  0  2/3    12:18   0:48   0:00 
Wojtek Wolski            1  0  1   1  0   3  1  0  1  0  1/3    23:20   3:43   1:43 
Zdeno Chara              0  0  0  -3  0   1  0  1  0  0  0/0    12:07   0:00   0:00 

3 Stars

1 - Boyd Devereaux (LAK)
2 - Dion Phaneuf (LAK)
3 - Matt Duchene (LAK)

Power Play

Kings - 2 on 3 Attempt(s) - 66,67%
Bruins - 0 on 4 Attempt(s) - 0,00%

Penalty Kill

Kings - 4 on 4 Attempt(s) - 100,00% - Score 0 goal in Penalty Kill
Bruins - 1 on 3 Attempt(s) - 33,33% - Score 0 goal in Penalty Kill

Team Stat

Kings - Hits : 21 - Faceoff Wins : 26 - Blocked Shots : 9 - Penalty Minutes : 13
Bruins - Hits : 16 - Faceoff Wins : 41 - Blocked Shots : 12 - Penalty Minutes : 11

Official

Referees : Pochmara Brian and Ciamaga Chris
Linesman : Brian Mach and Mark Wheler

Game Notes

17:56 of 1st period - Kings goal is going for a video replay. After video review, Goal.
Karri Ramo enters game at 5:11 of 2nd period
Trevor Daley is injured at 10:43 of 2nd period (Right Leg)
Miroslav Satan beats up Henrik Sedin at 2:47 of 3rd period

Finance

Level 1 -- Attendance: 4764 (79,40%) -- Ticket Income 471 636 $
Level 2 -- Attendance: 4085 (81,70%) -- Ticket Income 241 015 $
Level 3 -- Attendance: 2000 (100,00%) -- Ticket Income 58 000 $
Level 4 -- Attendance: 3719 (92,98%) -- Ticket Income 70 661 $
Luxury Box -- Attendance: 719 (71,90%) -- Ticket Income 135 891 $
Game was played at the TD Banknorth Garden.
Total Attendance: 15287 (84,93%)
Total Ticket Income: 977 203 $
Other Income: 146 580 $
Total Income: 1 123 783 $

Kings

5 vs 5 Forward 
   Center                   Left Wing                Right Wing               Time % Phy DF OF 
 1 Anze Kopitar             Guillaume Latendresse    Blake Wheeler            30     1   1  3  
 2 Matt Duchene             Andrei Kostitsyn         Vladimir Tarasenko       30     0   3  2  
 3 Boyd Devereaux           Scottie Upshall          Miroslav Satan           25     0   3  2  
 4 Jordan Nolan             Martin Samuelsson        Dustin Byfuglien         15     0   4  1  

5 vs 5 Defense 
   Defense                  Defense                                           Time % Phy DF OF 
 1 Dion Phaneuf             Tomas Kaberle                                     40     1   3  1  
 2 Johnny Oduya             Trevor Daley                                      35     1   3  1  
 3 Drew Doughty             Lubomir Visnovsky                                 25     1   3  1  
 4 Dion Phaneuf             Johnny Oduya                                      0      1   3  1  

PowerPlay Forward 
   Center                   Left Wing                Right Wing               Time % Phy DF OF 
 1 Anze Kopitar             Andrei Kostitsyn         Jordan Nolan             60     1   1  3  
 2 Matt Duchene             Guillaume Latendresse    Vladimir Tarasenko       40     0   2  3  

PowerPlay Defense
   Defense                  Defense                                           Time % Phy DF OF 
 1 Drew Doughty             Dion Phaneuf                                      60     0   2  3  
 2 Johnny Oduya             Blake Wheeler                                     40     0   3  2  

Penalty Kill 4 Players Forward 
   Center                   Wing                     Time % Phy DF OF 
 1 Boyd Devereaux           Martin Samuelsson        60     1   3  1  
 2 Dustin Byfuglien         Scottie Upshall          40     1   3  1  

Penalty Kill 4 Players Defense
   Defense                  Defense                  Time % Phy DF OF 
 1 Lubomir Visnovsky        Johnny Oduya             60     1   4  0  
 2 Dion Phaneuf             Drew Doughty             40     1   4  0  

Penalty Kill - 3 Players Forward 
   Forward                                           Time % Phy DF OF 
 1 Anze Kopitar                                      60     0   4  1  
 2 Boyd Devereaux                                    40     0   4  1  

Penalty Kill - 3 Players Defense
   Defense                  Defense                  Time % Phy DF OF 
 1 Lubomir Visnovsky        Johnny Oduya             60     1   4  0  
 2 Dion Phaneuf             Drew Doughty             40     1   4  0  

4 vs 4 Forward 
   Center                   Wing                     Time % Phy DF OF 
 1 Anze Kopitar             Blake Wheeler            60     1   2  2  
 2 Matt Duchene             Andrei Kostitsyn         40     1   2  2  

4 vs 4 Defense
   Defense                  Defense                  Time % Phy DF OF 
 1 Dion Phaneuf             Drew Doughty             60     1   3  1  
 2 Johnny Oduya             Trevor Daley             40     1   3  1  

Last Minutes Offensive
   Center                   Left Wing                Right Wing               Defense                  Defense                  
   Matt Duchene             Andrei Kostitsyn         Anze Kopitar             Dion Phaneuf             Drew Doughty             

Last Minutes Defensive
   Center                   Left Wing                Right Wing               Defense                  Defense                  
   Boyd Devereaux           Scottie Upshall          Blake Wheeler            Dion Phaneuf             Drew Doughty             

Goaltenders
Starting : Viktor Fasth             
Backup : Jean-Sébastien Giguère   

Extra Forwards
Normal : Jordan Nolan, Matt Duchene, Dustin Byfuglien - PP : Scottie Upshall, Dustin Byfuglien - PK : Blake Wheeler
Extra Defensemen
Normal : Drew Doughty, Dion Phaneuf, Johnny Oduya - PP : Trevor Daley - PK : Trevor Daley, Tomas Kaberle
Penalty Shots
Anze Kopitar, Blake Wheeler, Guillaume Latendresse, Andrei Kostitsyn, Boyd Devereaux

Bruins

5 vs 5 Forward 
   Center                   Left Wing                Right Wing               Time % Phy DF OF 
 1 Henrik Sedin             Wojtek Wolski            Jarome Iginla            40     1   2  2  
 2 Eric Lindros             Matt Cooke               Dainius Zubrus           30     1   2  2  
 3 Dave Bolland             Viktor Stalberg          David Moss               20     1   2  2  
 4 Matt Hendricks           Curtis Glencross         Tim Jackman              10     1   2  2  

5 vs 5 Defense 
   Defense                  Defense                                           Time % Phy DF OF 
 1 Andrew Alberts           Jason Demers                                      40     1   2  2  
 2 Ryan O'Byrne             Mark Stuart                                       30     1   2  2  
 3 Zdeno Chara              Nate Prosser                                      20     1   2  2  
 4 Jason Demers             Andrew Alberts                                    10     1   2  2  

PowerPlay Forward 
   Center                   Left Wing                Right Wing               Time % Phy DF OF 
 1 Henrik Sedin             Wojtek Wolski            Jarome Iginla            60     1   2  2  
 2 Eric Lindros             Matt Cooke               Dainius Zubrus           40     1   2  2  

PowerPlay Defense
   Defense                  Defense                                           Time % Phy DF OF 
 1 Andrew Alberts           Jason Demers                                      60     1   2  2  
 2 Ryan O'Byrne             Mark Stuart                                       40     1   2  2  

Penalty Kill 4 Players Forward 
   Center                   Wing                     Time % Phy DF OF 
 1 Henrik Sedin             Wojtek Wolski            60     1   2  2  
 2 Jarome Iginla            Eric Lindros             40     1   2  2  

Penalty Kill 4 Players Defense
   Defense                  Defense                  Time % Phy DF OF 
 1 Andrew Alberts           Jason Demers             60     1   2  2  
 2 Ryan O'Byrne             Mark Stuart              40     1   2  2  

Penalty Kill - 3 Players Forward 
   Forward                                           Time % Phy DF OF 
 1 Henrik Sedin                                      60     1   2  2  
 2 Wojtek Wolski                                     40     1   2  2  

Penalty Kill - 3 Players Defense
   Defense                  Defense                  Time % Phy DF OF 
 1 Andrew Alberts           Jason Demers             60     1   2  2  
 2 Ryan O'Byrne             Mark Stuart              40     1   2  2  

4 vs 4 Forward 
   Center                   Wing                     Time % Phy DF OF 
 1 Henrik Sedin             Wojtek Wolski            60     1   2  2  
 2 Jarome Iginla            Eric Lindros             40     1   2  2  

4 vs 4 Defense
   Defense                  Defense                  Time % Phy DF OF 
 1 Andrew Alberts           Jason Demers             60     1   2  2  
 2 Ryan O'Byrne             Mark Stuart              40     1   2  2  

Last Minutes Offensive
   Center                   Left Wing                Right Wing               Defense                  Defense                  
   Henrik Sedin             Wojtek Wolski            Jarome Iginla            Andrew Alberts           Jason Demers             

Last Minutes Defensive
   Center                   Left Wing                Right Wing               Defense                  Defense                  
   Henrik Sedin             Wojtek Wolski            Jarome Iginla            Andrew Alberts           Jason Demers             

Goaltenders
Starting : Roberto Luongo           
Backup : Karri Ramo               

Extra Forwards
Normal : Viktor Stalberg, Dave Bolland, Matt Hendricks - PP : Viktor Stalberg, Dave Bolland - PK : Matt Hendricks
Extra Defensemen
Normal : Zdeno Chara, Nate Prosser, Jason Demers - PP : Zdeno Chara - PK : Nate Prosser, Jason Demers
Penalty Shots
Henrik Sedin, Wojtek Wolski, Jarome Iginla, Eric Lindros, Matt Cooke

% Time on Ice - Kings

Lines # - Real PCT - Wanted PCT - Time Play
Normal Forward
1 - 30% - 30% - 15:11
2 - 29% - 30% - 14:48
3 - 24% - 25% - 12:22
4 - 17% - 15% - 8:25
Normal Defense
1 - 37% - 40% - 18:33
2 - 41% - 35% - 20:40
3 - 23% - 25% - 11:33
4 - 0% - 0% - 0:00
PP Forward
1 - 57% - 60% - 1:30
2 - 43% - 40% - 1:08
PP Defense
1 - 70% - 60% - 1:51
2 - 30% - 40% - 0:47
PK Forward
1 - 76% - 60% - 4:59
2 - 24% - 40% - 1:37
PK Defense
1 - 67% - 60% - 4:24
2 - 33% - 40% - 2:12
PK3 Forward
1 - 0% - 60%
2 - 0% - 40%
PK3 Defense
1 - 0% - 60%
2 - 0% - 40%
44 Forward
1 - 0% - 60%
2 - 0% - 40%
44 Defense
1 - 0% - 60%
2 - 0% - 40%
Last Minute Offensive  - 0:00
Last Minute Defensive  - 0:00
Total
Forward - 60:00
Defense - 60:00

% Time on Ice - Bruins

Lines # - Real PCT - Wanted PCT - Time Play
Normal Forward
1 - 35% - 40% - 17:54
2 - 29% - 30% - 14:51
3 - 21% - 20% - 10:34
4 - 15% - 10% - 7:27
Normal Defense
1 - 39% - 40% - 19:51
2 - 31% - 30% - 15:45
3 - 24% - 20% - 12:07
4 - 6% - 10% - 3:03
PP Forward
1 - 59% - 60% - 3:55
2 - 41% - 40% - 2:41
PP Defense
1 - 63% - 60% - 4:10
2 - 37% - 40% - 2:26
PK Forward
1 - 87% - 60% - 2:18
2 - 13% - 40% - 0:20
PK Defense
1 - 75% - 60% - 1:59
2 - 25% - 40% - 0:39
PK3 Forward
1 - 0% - 60%
2 - 0% - 40%
PK3 Defense
1 - 0% - 60%
2 - 0% - 40%
44 Forward
1 - 0% - 60%
2 - 0% - 40%
44 Defense
1 - 0% - 60%
2 - 0% - 40%
Last Minute Offensive  - 0:00
Last Minute Defensive  - 0:00
Total
Forward - 60:00
Defense - 60:00

Play by Play

1st period


0:01 of 1st period - Henrik Sedin wins face-off versus Anze Kopitar in neutral zone.
0:48 of 1st period - Miroslav Satan is hit by Dave Bolland and loses puck.
1:03 of 1st period - Dave Bolland is hit by Scottie Upshall and loses puck.
1:10 of 1st period - Snap shot by Johnny Oduya.
1:10 of 1st period - Deflect By Boyd Devereaux.
1:10 of 1st period - Stopped by Roberto Luongo with a rebound.
1:54 of 1st period - Slapshot by Miroslav Satan.
1:54 of 1st period - Shot Misses the Net.
1:56 of 1st period - Snap shot by Miroslav Satan.
1:56 of 1st period - Stopped by Roberto Luongo with a rebound.
2:35 of 1st period - Wrist shot by Boyd Devereaux.
2:35 of 1st period - Stopped by Roberto Luongo with a rebound.
2:37 of 1st period - Slapshot by Johnny Oduya.
2:37 of 1st period - Stopped by Roberto Luongo with a rebound.
2:39 of 1st period - Wrist shot by Miroslav Satan.
2:39 of 1st period - Goal by Miroslav Satan - Kings : 1 - Bruins : 0.
2:40 of 1st period - Henrik Sedin wins face-off versus Matt Duchene in neutral zone.
3:05 of 1st period - Lubomir Visnovsky is hit by Andrew Alberts and loses puck.
3:40 of 1st period - Snap shot by Curtis Glencross.
3:40 of 1st period - Stopped by Viktor Fasth without a rebound.
3:41 of 1st period - Matt Duchene wins face-off versus Henrik Sedin in Kings zone.
3:46 of 1st period - Snap shot by Andrei Kostitsyn.
3:46 of 1st period - Shot Misses the Net.
4:08 of 1st period - Jason Demers is hit by Dion Phaneuf and loses puck.
5:20 of 1st period - Slapshot by Tim Jackman.
5:20 of 1st period - Stopped by Viktor Fasth without a rebound.
5:21 of 1st period - Henrik Sedin wins face-off versus Matt Duchene in Kings zone.
5:26 of 1st period - Snap shot by Jarome Iginla.
5:26 of 1st period - Shot Misses the Net.
5:28 of 1st period - Wrist shot by Wojtek Wolski.
5:28 of 1st period - Shot Blocked by Johnny Oduya.
5:30 of 1st period - Snap shot by Henrik Sedin.
5:30 of 1st period - Stopped by Viktor Fasth without a rebound.
5:31 of 1st period - Henrik Sedin wins face-off versus Andrei Kostitsyn in Kings zone.
5:34 of 1st period - Snap shot by Henrik Sedin.
5:34 of 1st period - Stopped by Viktor Fasth with a rebound.
5:36 of 1st period - Snap shot by Henrik Sedin.
5:36 of 1st period - Shot Misses the Net.
5:50 of 1st period - Snap shot by Jarome Iginla.
5:50 of 1st period - Stopped by Viktor Fasth without a rebound.
5:51 of 1st period - Eric Lindros wins face-off versus Blake Wheeler in Kings zone.
6:00 of 1st period - Snap shot by Dion Phaneuf.
6:00 of 1st period - Stopped by Roberto Luongo without a rebound.
6:01 of 1st period - Anze Kopitar wins face-off versus Eric Lindros in Bruins zone.
6:26 of 1st period - Slapshot by Eric Lindros.
6:26 of 1st period - Shot Misses the Net.
6:28 of 1st period - Wrist shot by Jason Demers.
6:28 of 1st period - Stopped by Viktor Fasth with a rebound.
6:56 of 1st period - Slapshot by Anze Kopitar.
6:56 of 1st period - Shot Misses the Net.
7:22 of 1st period - Backhand shot by Matt Cooke.
7:22 of 1st period - Stopped by Viktor Fasth with a rebound.
7:24 of 1st period - Slapshot by Dainius Zubrus.
7:24 of 1st period - Shot Blocked by Dion Phaneuf.
7:26 of 1st period - Snap shot by Dainius Zubrus.
7:26 of 1st period - Stopped by Viktor Fasth without a rebound.
7:27 of 1st period - Henrik Sedin wins face-off versus Matt Duchene in Kings zone.
7:34 of 1st period - Backhand shot by Henrik Sedin.
7:34 of 1st period - Stopped by Viktor Fasth with a rebound.
7:52 of 1st period - Drew Doughty is hit by Dave Bolland and loses puck.
9:48 of 1st period - Dion Phaneuf is hit by Jason Demers and loses puck.
9:59 of 1st period - Anze Kopitar is hit by Mark Stuart and loses puck.
10:59 of 1st period - Eric Lindros is hit by Boyd Devereaux and loses puck.
11:12 of 1st period - Wrist shot by Henrik Sedin.
11:12 of 1st period - Stopped by Viktor Fasth without a rebound.
11:13 of 1st period - Henrik Sedin wins face-off versus Matt Duchene in Kings zone.
11:32 of 1st period - Minor Penalty to Andrei Kostitsyn for Interference.
11:33 of 1st period - Henrik Sedin wins face-off versus Boyd Devereaux in Kings zone.
13:17 of 1st period - Ryan O'Byrne is hit by Dion Phaneuf and loses puck.
13:32 of 1st period - Penalty to Andrei Kostitsyn is over, Andrei Kostitsyn is back on ice.
13:35 of 1st period - Off-side.
13:36 of 1st period - Dave Bolland wins face-off versus Matt Duchene in neutral zone.
13:50 of 1st period - Wrist shot by Viktor Stalberg.
13:50 of 1st period - Shot Misses the Net.
13:52 of 1st period - Wrist shot by Viktor Stalberg.
13:52 of 1st period - Deflect By Dave Bolland.
13:52 of 1st period - Shot Misses the Net.
13:52 of 1st period - Puck is out of play.
13:53 of 1st period - Wojtek Wolski wins face-off versus Anze Kopitar in Kings zone.
13:54 of 1st period - Wrist shot by Jarome Iginla.
13:54 of 1st period - Stopped by Viktor Fasth with a rebound.
14:06 of 1st period - Wrist shot by Henrik Sedin.
14:06 of 1st period - Shot Blocked by Dion Phaneuf.
14:08 of 1st period - Snap shot by Henrik Sedin.
14:08 of 1st period - Stopped by Viktor Fasth with a rebound.
14:23 of 1st period - Icing by Tomas Kaberle.
14:24 of 1st period - Eric Lindros wins face-off versus Matt Duchene in Kings zone.
14:25 of 1st period - Snap shot by Matt Cooke.
14:25 of 1st period - Deflect By Dainius Zubrus.
14:25 of 1st period - Stopped by Viktor Fasth without a rebound.
14:26 of 1st period - Vladimir Tarasenko wins face-off versus Henrik Sedin in Kings zone.
14:33 of 1st period - Wrist shot by Jarome Iginla.
14:33 of 1st period - Shot Misses the Net.
14:55 of 1st period - Slapshot by Andrei Kostitsyn.
14:55 of 1st period - Shot Misses the Net.
14:57 of 1st period - Slapshot by Dion Phaneuf.
14:57 of 1st period - Shot Misses the Net.
15:07 of 1st period - Andrew Alberts is hit by Dion Phaneuf.
15:27 of 1st period - Slapshot by Andrei Kostitsyn.
15:27 of 1st period - Deflect By Matt Duchene.
15:27 of 1st period - Stopped by Roberto Luongo without a rebound.
15:28 of 1st period - Eric Lindros wins face-off versus Anze Kopitar in Bruins zone.
16:05 of 1st period - Wrist shot by Viktor Stalberg.
16:05 of 1st period - Shot Blocked by Scottie Upshall.
17:06 of 1st period - Lubomir Visnovsky is hit by Tim Jackman and loses puck.
17:47 of 1st period - Minor Penalty to Jarome Iginla for Hooking.
17:48 of 1st period - Anze Kopitar wins face-off versus Henrik Sedin in Bruins zone.
17:54 of 1st period - Slapshot by Drew Doughty.
17:54 of 1st period - Shot Blocked by Henrik Sedin.
17:56 of 1st period - Snap shot by Andrei Kostitsyn.
17:56 of 1st period - Kings goal is going for a video replay.
17:56 of 1st period - The goal is good.
17:56 of 1st period - Goal by Andrei Kostitsyn - Kings : 2 - Bruins : 0.
17:57 of 1st period - Henrik Sedin wins face-off versus Anze Kopitar in neutral zone.
18:24 of 1st period - Andrew Alberts is hit by Scottie Upshall and loses puck.
18:34 of 1st period - Icing by Ryan O'Byrne.
18:35 of 1st period - Eric Lindros wins face-off versus Anze Kopitar in Bruins zone.
19:11 of 1st period - Snap shot by Matt Duchene.
19:11 of 1st period - Deflect By Andrei Kostitsyn.
19:11 of 1st period - Shot Blocked by Jarome Iginla.
19:11 of 1st period - Puck is out of play.
19:12 of 1st period - Boyd Devereaux wins face-off versus Henrik Sedin in Bruins zone.
19:17 of 1st period - Wrist shot by Miroslav Satan.
19:17 of 1st period - Shot Blocked by Henrik Sedin.
19:19 of 1st period - Slapshot by Johnny Oduya.
19:19 of 1st period - Shot Misses the Net.
Goals for this period are 2 for Kings vs 0 for Bruins.
Shots for this period are 8 for Kings vs 13 for Bruins.

2nd period


0:01 of 2nd period - Matt Duchene wins face-off versus Henrik Sedin in neutral zone.
0:03 of 2nd period - Andrei Kostitsyn is hit by Jarome Iginla and loses puck.
0:20 of 2nd period - Jarome Iginla is hit by Andrei Kostitsyn and loses puck.
0:30 of 2nd period - Off-side.
0:31 of 2nd period - Eric Lindros wins face-off versus Boyd Devereaux in neutral zone.
0:36 of 2nd period - Scottie Upshall is hit by Matt Cooke and loses puck.
0:41 of 2nd period - Backhand shot by Eric Lindros.
0:41 of 2nd period - Shot Blocked by Boyd Devereaux.
1:08 of 2nd period - Snap shot by Martin Samuelsson.
1:08 of 2nd period - Shot Misses the Net.
1:10 of 2nd period - Snap shot by Martin Samuelsson.
1:10 of 2nd period - Goal by Martin Samuelsson - Kings : 3 - Bruins : 0.
1:11 of 2nd period - Anze Kopitar wins face-off versus Henrik Sedin in neutral zone.
1:38 of 2nd period - Andrei Kostitsyn is hit by Jason Demers and loses puck.
2:05 of 2nd period - Slapshot by Eric Lindros.
2:05 of 2nd period - Shot Misses the Net.
2:17 of 2nd period - Snap shot by Miroslav Satan.
2:17 of 2nd period - Stopped by Roberto Luongo without a rebound.
2:18 of 2nd period - Henrik Sedin wins face-off versus Scottie Upshall in Bruins zone.
2:27 of 2nd period - Snap shot by Jarome Iginla.
2:27 of 2nd period - Stopped by Viktor Fasth without a rebound.
2:28 of 2nd period - Anze Kopitar wins face-off versus Wojtek Wolski in Kings zone.
2:33 of 2nd period - Slapshot by Dion Phaneuf.
2:33 of 2nd period - Stopped by Roberto Luongo with a rebound.
3:05 of 2nd period - Mark Stuart is hit by Dion Phaneuf and loses puck.
3:42 of 2nd period - Snap shot by Jordan Nolan.
3:42 of 2nd period - Deflect By Martin Samuelsson.
3:42 of 2nd period - Shot Blocked by Andrew Alberts.
3:42 of 2nd period - Puck is out of play.
3:43 of 2nd period - Henrik Sedin wins face-off versus Jordan Nolan in Bruins zone.
3:55 of 2nd period - Icing by Henrik Sedin.
3:56 of 2nd period - Henrik Sedin wins face-off versus Anze Kopitar in Bruins zone.
4:03 of 2nd period - Guillaume Latendresse is hit by Wojtek Wolski.
5:11 of 2nd period - Snap shot by Guillaume Latendresse.
5:11 of 2nd period - Goal by Guillaume Latendresse - Kings : 4 - Bruins : 0.
5:11 of 2nd period - Karri Ramo enters game.
5:12 of 2nd period - Jarome Iginla wins face-off versus Anze Kopitar in neutral zone.
5:39 of 2nd period - Matt Cooke is hit by Andrei Kostitsyn and loses puck.
6:00 of 2nd period - Andrew Alberts is hit by Andrei Kostitsyn.
6:44 of 2nd period - Snap shot by Guillaume Latendresse.
6:44 of 2nd period - Shot Misses the Net.
6:46 of 2nd period - Slapshot by Blake Wheeler.
6:46 of 2nd period - Shot Blocked by Jarome Iginla.
6:48 of 2nd period - Slapshot by Johnny Oduya.
6:48 of 2nd period - Deflect By Anze Kopitar.
6:48 of 2nd period - Deflect By Wojtek Wolski.
6:48 of 2nd period - Stopped by Karri Ramo with a rebound.
7:00 of 2nd period - Snap shot by Dustin Byfuglien.
7:00 of 2nd period - Deflect By Jordan Nolan.
7:00 of 2nd period - Shot Blocked by Eric Lindros.
7:00 of 2nd period - Puck is out of play.
7:01 of 2nd period - Jordan Nolan wins face-off versus Eric Lindros in Bruins zone.
7:16 of 2nd period - Snap shot by Eric Lindros.
7:16 of 2nd period - Stopped by Viktor Fasth with a rebound.
8:06 of 2nd period - Snap shot by Curtis Glencross.
8:06 of 2nd period - Deflect By Matt Hendricks.
8:06 of 2nd period - Stopped by Viktor Fasth with a rebound.
8:08 of 2nd period - Snap shot by Matt Hendricks.
8:08 of 2nd period - Stopped by Viktor Fasth with a rebound.
8:10 of 2nd period - Slapshot by Tim Jackman.
8:10 of 2nd period - Stopped by Viktor Fasth with a rebound.
8:12 of 2nd period - Slapshot by Zdeno Chara.
8:12 of 2nd period - Stopped by Viktor Fasth with a rebound.
8:46 of 2nd period - Jarome Iginla is hit by Matt Duchene and loses puck.
9:07 of 2nd period - Wrist shot by Anze Kopitar.
9:07 of 2nd period - Deflect By Mark Stuart.
9:07 of 2nd period - Stopped by Karri Ramo with a rebound.
9:09 of 2nd period - Wrist shot by Anze Kopitar.
9:09 of 2nd period - Stopped by Karri Ramo without a rebound.
9:10 of 2nd period - Eric Lindros wins face-off versus Anze Kopitar in Bruins zone.
9:27 of 2nd period - Wrist shot by Anze Kopitar.
9:27 of 2nd period - Shot Blocked by Ryan O'Byrne.
9:29 of 2nd period - Snap shot by Anze Kopitar.
9:29 of 2nd period - Stopped by Karri Ramo without a rebound.
9:30 of 2nd period - Vladimir Tarasenko wins face-off versus Henrik Sedin in Bruins zone.
9:31 of 2nd period - Snap shot by Andrei Kostitsyn.
9:31 of 2nd period - Stopped by Karri Ramo with a rebound.
9:33 of 2nd period - Wrist shot by Trevor Daley.
9:33 of 2nd period - Stopped by Karri Ramo without a rebound.
9:34 of 2nd period - Henrik Sedin wins face-off versus Matt Duchene in Bruins zone.
9:48 of 2nd period - Snap shot by Vladimir Tarasenko.
9:48 of 2nd period - Shot Misses the Net.
9:50 of 2nd period - Wrist shot by Johnny Oduya.
9:50 of 2nd period - Stopped by Karri Ramo without a rebound.
9:51 of 2nd period - Eric Lindros wins face-off versus Boyd Devereaux in Bruins zone.
10:18 of 2nd period - Jason Demers is hit by Blake Wheeler and loses puck.
10:43 of 2nd period - Snap shot by Dave Bolland.
10:43 of 2nd period - Shot Blocked by Trevor Daley.
10:43 of 2nd period - Trevor Daley from Kings is injured at 10:43 of 2nd period (Right Leg).
10:44 of 2nd period - Matt Duchene wins face-off versus Henrik Sedin in Kings zone.
10:54 of 2nd period - Off-side.
10:55 of 2nd period - Henrik Sedin wins face-off versus Anze Kopitar in neutral zone.
11:52 of 2nd period - Snap shot by Matt Duchene.
11:52 of 2nd period - Goal by Matt Duchene - Kings : 5 - Bruins : 0.
11:53 of 2nd period - Henrik Sedin wins face-off versus Matt Duchene in neutral zone.
12:06 of 2nd period - Slapshot by Henrik Sedin.
12:06 of 2nd period - Stopped by Viktor Fasth without a rebound.
12:07 of 2nd period - Henrik Sedin wins face-off versus Anze Kopitar in Kings zone.
12:12 of 2nd period - Wrist shot by Jarome Iginla.
12:12 of 2nd period - Shot Misses the Net.
12:16 of 2nd period - Wrist shot by Henrik Sedin.
12:16 of 2nd period - Shot Misses the Net.
12:18 of 2nd period - Snap shot by Henrik Sedin.
12:18 of 2nd period - Shot Misses the Net.
12:20 of 2nd period - Wrist shot by Wojtek Wolski.
12:20 of 2nd period - Stopped by Viktor Fasth without a rebound.
12:21 of 2nd period - Jordan Nolan wins face-off versus Matt Cooke in Kings zone.
12:37 of 2nd period - Snap shot by Drew Doughty.
12:37 of 2nd period - Stopped by Karri Ramo without a rebound.
12:38 of 2nd period - Miroslav Satan wins face-off versus Wojtek Wolski in Bruins zone.
12:41 of 2nd period - Snap shot by Boyd Devereaux.
12:41 of 2nd period - Shot Blocked by Jarome Iginla.
12:43 of 2nd period - Snap shot by Miroslav Satan.
12:43 of 2nd period - Stopped by Karri Ramo without a rebound.
12:44 of 2nd period - Boyd Devereaux wins face-off versus Henrik Sedin in Bruins zone.
13:26 of 2nd period - Icing by Jason Demers.
13:27 of 2nd period - Anze Kopitar wins face-off versus Dave Bolland in Bruins zone.
15:31 of 2nd period - Snap shot by Andrei Kostitsyn.
15:31 of 2nd period - Stopped by Karri Ramo without a rebound.
15:32 of 2nd period - Boyd Devereaux wins face-off versus Eric Lindros in Bruins zone.
16:05 of 2nd period - Slapshot by Wojtek Wolski.
16:05 of 2nd period - Shot Misses the Net.
16:19 of 2nd period - Snap shot by Dion Phaneuf.
16:19 of 2nd period - Goal by Dion Phaneuf - Kings : 6 - Bruins : 0.
16:20 of 2nd period - Blake Wheeler wins face-off versus Henrik Sedin in neutral zone.
16:25 of 2nd period - Slapshot by Anze Kopitar.
16:25 of 2nd period - Stopped by Karri Ramo with a rebound.
16:38 of 2nd period - Icing by Drew Doughty.
16:39 of 2nd period - Eric Lindros wins face-off versus Blake Wheeler in Kings zone.
16:42 of 2nd period - Wrist shot by Eric Lindros.
16:42 of 2nd period - Stopped by Viktor Fasth without a rebound.
16:43 of 2nd period - Matt Duchene wins face-off versus Eric Lindros in Kings zone.
16:59 of 2nd period - Wrist shot by Eric Lindros.
16:59 of 2nd period - Goal by Eric Lindros - Kings : 6 - Bruins : 1.
17:00 of 2nd period - Henrik Sedin wins face-off versus Boyd Devereaux in neutral zone.
17:25 of 2nd period - Martin Samuelsson is hit by Andrew Alberts and loses puck.
17:36 of 2nd period - Martin Samuelsson is hit by Ryan O'Byrne and loses puck.
17:49 of 2nd period - Slapshot by Matt Hendricks.
17:49 of 2nd period - Shot Hit the Post.
17:57 of 2nd period - Snap shot by Martin Samuelsson.
17:57 of 2nd period - Stopped by Karri Ramo with a rebound.
17:59 of 2nd period - Wrist shot by Lubomir Visnovsky.
17:59 of 2nd period - Shot Blocked by Matt Hendricks.
18:01 of 2nd period - Snap shot by Dustin Byfuglien.
18:01 of 2nd period - Stopped by Karri Ramo without a rebound.
18:02 of 2nd period - Anze Kopitar wins face-off versus Henrik Sedin in Bruins zone.
18:33 of 2nd period - Matt Duchene is hit by Eric Lindros and loses puck.
19:40 of 2nd period - Icing by Zdeno Chara.
19:41 of 2nd period - Henrik Sedin wins face-off versus Jordan Nolan in Bruins zone.
Goals for this period are 4 for Kings vs 1 for Bruins.
Shots for this period are 19 for Kings vs 10 for Bruins.

3rd period


0:01 of 3rd period - Henrik Sedin wins face-off versus Matt Duchene in neutral zone.
0:13 of 3rd period - Minor Penalty to Johnny Oduya for Hooking.
0:14 of 3rd period - Henrik Sedin wins face-off versus Boyd Devereaux in Kings zone.
0:28 of 3rd period - Snap shot by Martin Samuelsson.
0:28 of 3rd period - Shot Misses the Net.
0:30 of 3rd period - Snap shot by Boyd Devereaux.
0:30 of 3rd period - Stopped by Karri Ramo without a rebound.
0:31 of 3rd period - Henrik Sedin wins face-off versus Boyd Devereaux in Bruins zone.
2:13 of 3rd period - Penalty to Johnny Oduya is over, Johnny Oduya is back on ice.
2:32 of 3rd period - Wrist shot by Dave Bolland.
2:32 of 3rd period - Stopped by Viktor Fasth with a rebound.
2:34 of 3rd period - Wrist shot by Dave Bolland.
2:34 of 3rd period - Shot Misses the Net.
2:36 of 3rd period - Slapshot by David Moss.
2:36 of 3rd period - Stopped by Viktor Fasth without a rebound.
2:37 of 3rd period - Matt Hendricks wins face-off versus Matt Duchene in Kings zone.
2:38 of 3rd period - Slapshot by Tim Jackman.
2:38 of 3rd period - Goal by Tim Jackman - Kings : 6 - Bruins : 2.
2:39 of 3rd period - Boyd Devereaux wins face-off versus Henrik Sedin in neutral zone.
2:47 of 3rd period - Miroslav Satan beats up Henrik Sedin.
2:47 of 3rd period - Penalty to Henrik Sedin for Fighting.
2:47 of 3rd period - Penalty to Miroslav Satan for Fighting.
2:48 of 3rd period - Viktor Stalberg wins face-off versus Matt Duchene in neutral zone.
2:59 of 3rd period - Snap shot by Wojtek Wolski.
2:59 of 3rd period - Goal by Wojtek Wolski - Kings : 6 - Bruins : 3.
3:00 of 3rd period - Boyd Devereaux wins face-off versus Viktor Stalberg in neutral zone.
3:13 of 3rd period - Wrist shot by Jarome Iginla.
3:13 of 3rd period - Stopped by Viktor Fasth with a rebound.
3:15 of 3rd period - Slapshot by Andrew Alberts.
3:15 of 3rd period - Shot Blocked by Jordan Nolan.
3:37 of 3rd period - Snap shot by Anze Kopitar.
3:37 of 3rd period - Shot Blocked by Jason Demers.
3:49 of 3rd period - Slapshot by Johnny Oduya.
3:49 of 3rd period - Shot Hit the Post.
3:55 of 3rd period - Snap shot by Curtis Glencross.
3:55 of 3rd period - Stopped by Viktor Fasth with a rebound.
3:57 of 3rd period - Snap shot by Matt Hendricks.
3:57 of 3rd period - Shot Blocked by Drew Doughty.
3:59 of 3rd period - Snap shot by Curtis Glencross.
3:59 of 3rd period - Shot Misses the Net.
4:05 of 3rd period - Minor Penalty to Johnny Oduya for Hooking.
4:06 of 3rd period - Viktor Stalberg wins face-off versus Boyd Devereaux in Kings zone.
5:18 of 3rd period - Jarome Iginla is hit by Tomas Kaberle and loses puck.
6:00 of 3rd period - Icing by Jason Demers.
6:01 of 3rd period - Dave Bolland wins face-off versus Anze Kopitar in Bruins zone.
6:05 of 3rd period - Penalty to Johnny Oduya is over, Johnny Oduya is back on ice.
6:21 of 3rd period - Snap shot by Andrei Kostitsyn.
6:21 of 3rd period - Shot Blocked by Nate Prosser.
6:57 of 3rd period - Snap shot by Martin Samuelsson.
6:57 of 3rd period - Stopped by Karri Ramo without a rebound.
6:58 of 3rd period - Dave Bolland wins face-off versus Jordan Nolan in Bruins zone.
8:03 of 3rd period - Minor Penalty to Jason Demers for Cross-checking.
8:04 of 3rd period - Andrei Kostitsyn wins face-off versus Henrik Sedin in Bruins zone.
8:21 of 3rd period - Nate Prosser is hit by Andrei Kostitsyn and loses puck.
8:43 of 3rd period - Nate Prosser is hit by Guillaume Latendresse and loses puck.
9:10 of 3rd period - Mark Stuart is hit by Guillaume Latendresse.
10:03 of 3rd period - Penalty to Jason Demers is over, Jason Demers is back on ice.
10:06 of 3rd period - Snap shot by Jason Demers.
10:06 of 3rd period - Stopped by Viktor Fasth without a rebound.
10:07 of 3rd period - Eric Lindros wins face-off versus Boyd Devereaux in Kings zone.
10:22 of 3rd period - Snap shot by Matt Cooke.
10:22 of 3rd period - Shot Misses the Net.
12:11 of 3rd period - Snap shot by Anze Kopitar.
12:11 of 3rd period - Shot Blocked by Zdeno Chara.
12:13 of 3rd period - Wrist shot by Blake Wheeler.
12:13 of 3rd period - Stopped by Karri Ramo with a rebound.
12:15 of 3rd period - Snap shot by Blake Wheeler.
12:15 of 3rd period - Stopped by Karri Ramo with a rebound.
12:25 of 3rd period - Tomas Kaberle is hit by Nate Prosser and loses puck.
12:34 of 3rd period - Snap shot by Wojtek Wolski.
12:34 of 3rd period - Stopped by Viktor Fasth without a rebound.
12:35 of 3rd period - Henrik Sedin wins face-off versus Anze Kopitar in Kings zone.
12:52 of 3rd period - Henrik Sedin is hit by Dion Phaneuf and loses puck.
13:05 of 3rd period - Matt Cooke is hit by Drew Doughty and loses puck.
13:12 of 3rd period - Dainius Zubrus is hit by Drew Doughty.
14:10 of 3rd period - Andrew Alberts is hit by Anze Kopitar and loses puck.
14:35 of 3rd period - Snap shot by Dainius Zubrus.
14:35 of 3rd period - Stopped by Viktor Fasth with a rebound.
15:44 of 3rd period - Vladimir Tarasenko is hit by Tim Jackman and loses puck.
15:49 of 3rd period - Snap shot by Boyd Devereaux.
15:49 of 3rd period - Goal by Boyd Devereaux - Kings : 7 - Bruins : 3.
15:50 of 3rd period - Henrik Sedin wins face-off versus Vladimir Tarasenko in neutral zone.
16:28 of 3rd period - Slapshot by Viktor Stalberg.
16:28 of 3rd period - Stopped by Viktor Fasth with a rebound.
17:04 of 3rd period - Snap shot by Dustin Byfuglien.
17:04 of 3rd period - Shot Misses the Net.
17:06 of 3rd period - Snap shot by Jordan Nolan.
17:06 of 3rd period - Shot Misses the Net.
17:08 of 3rd period - Wrist shot by Dion Phaneuf.
17:08 of 3rd period - Shot Misses the Net.
17:10 of 3rd period - Snap shot by Dustin Byfuglien.
17:10 of 3rd period - Stopped by Karri Ramo without a rebound.
17:11 of 3rd period - Jordan Nolan wins face-off versus Henrik Sedin in Bruins zone.
17:24 of 3rd period - Slapshot by Henrik Sedin.
17:24 of 3rd period - Shot Blocked by Tomas Kaberle.
17:42 of 3rd period - Matt Cooke is hit by Anze Kopitar and loses puck.
18:25 of 3rd period - Off-side.
18:26 of 3rd period - Henrik Sedin wins face-off versus Matt Duchene in neutral zone.
18:30 of 3rd period - Minor Penalty to Nate Prosser for High sticking.
18:31 of 3rd period - Jordan Nolan wins face-off versus Henrik Sedin in Bruins zone.
18:38 of 3rd period - Wrist shot by Drew Doughty.
18:38 of 3rd period - Stopped by Karri Ramo with a rebound.
19:00 of 3rd period - Snap shot by Matt Duchene.
19:00 of 3rd period - Goal by Matt Duchene - Kings : 8 - Bruins : 3.
19:01 of 3rd period - Henrik Sedin wins face-off versus Matt Duchene in neutral zone.
19:16 of 3rd period - Wrist shot by Wojtek Wolski.
19:16 of 3rd period - Deflect By Andrei Kostitsyn.
19:16 of 3rd period - Shot Misses the Net.
19:16 of 3rd period - Puck is out of play.
19:17 of 3rd period - Guillaume Latendresse wins face-off versus Eric Lindros in Kings zone.
19:17 of 3rd period - Guillaume Latendresse is hit by Jason Demers.
19:20 of 3rd period - Minor Penalty to Anze Kopitar for Hooking.
19:21 of 3rd period - Boyd Devereaux wins face-off versus Henrik Sedin in Kings zone.
19:58 of 3rd period - Wrist shot by Jason Demers.
19:58 of 3rd period - Shot Misses the Net.
Goals for this period are 2 for Kings vs 2 for Bruins.
Shots for this period are 8 for Kings vs 10 for Bruins.